[ AOE2 MATCH · #480840644 ]
Team RMTeutons vs Koreans
[ REPLAY ANALYSIS · EXTRACTED FROM THE RECORDED GAME ]
Feudal
14:36
Castle
26:18
Imperial
37:57
| APM avg | 31.6 |
| APM peak | 57 |
| eAPM avg | 19.3 |
| Villagers / military | 103 / 48 |
Focus
⚔️ 31.3% · 🌾 68.7%
Teutonic Knight ×18 · Trade Cart ×16 · Spearman ×10 · Bombard Cannon ×9 · Knight ×6 · Militia ×2
Feudal
18:33
Castle
29:09
Imperial
41:32
| APM avg | 13.0 |
| APM peak | 53 |
| eAPM avg | 11.5 |
| Villagers / military | 140 / 110 |
Focus
⚔️ 31.3% · 🌾 68.7%
Militia ×96 · Teutonic Knight ×13 · Monk ×1
Feudal
14:26
Castle
18:46
Imperial
34:34
| APM avg | 17.9 |
| APM peak | 45 |
| eAPM avg | 13.1 |
| Villagers / military | 124 / 140 |
Focus
⚔️ 21.1% · 🌾 78.9%
Spearman ×50 · Scorpion ×49 · Woad Raider ×18 · Battering Ram ×17 · Trade Cart ×14 · Trebuchet (Packed) ×6
Feudal
13:49
Castle
26:14
Imperial
42:11
| APM avg | 12.2 |
| APM peak | 35 |
| eAPM avg | 10.0 |
| Villagers / military | 102 / 59 |
Focus
⚔️ 26.7% · 🌾 73.3%
Longbowman ×33 · Trade Cart ×23 · Spearman ×20 · Militia ×5 · Monk ×1
Feudal
17:03
Castle
24:10
Imperial
41:06
| APM avg | 14.3 |
| APM peak | 32 |
| eAPM avg | 11.2 |
| Villagers / military | 131 / 70 |
Focus
⚔️ 19.7% · 🌾 80.3%
Elephant Archer ×62 · Trade Cart ×15 · Trebuchet (Packed) ×6 · Monk ×2
Feudal
21:06
Castle
31:14
Imperial
40:07
| APM avg | 7.6 |
| APM peak | 17 |
| eAPM avg | 6.1 |
| Villagers / military | 79 / 17 |
Focus
⚔️ 14.4% · 🌾 85.6%
Militia ×10 · Cavalry Archer ×6 · Bombard Cannon ×1
Match map
Resources at game start + every placement click. Thick line = wall · dashed box = detected house wall. 🟡 gold · ⚪ stone · 🟢 berries · 🔶 boar · ⭕ relic
Inputs per minute
— Twixxo - - Gonzaa
Build order — Twixxo
First 150 of 295 actions detected
| 0:02 | Create | Villager (Male) |
| 0:04 | Build | House |
| 0:16 | Create | Villager (Male) |
| 0:23 | Research | Loom |
| 0:23 | Create | Villager (Male) |
| 1:09 | Create | Villager (Male) |
| 1:35 | Build | Palisade Wall |
| 1:39 | Create | Villager (Male) |
| 2:01 | Build | Palisade Wall |
| 2:44 | Build | Palisade Wall |
| 3:12 | Create | Villager (Male) |
| 3:15 | Create | Villager (Male) |
| 3:17 | Build | House |
| 3:49 | Build | Palisade Wall |
| 3:57 | Build | Lumber Camp |
| 4:09 | Create | Villager (Male) |
| 4:40 | Create | Villager (Male) |
| 5:29 | Create | Villager (Male) |
| 5:35 | Create | Villager (Male) |
| 5:39 | Build | House |
| 5:40 | Build | House |
| 5:45 | Create | Villager (Male) |
| 6:32 | Create | Villager (Male) |
| 6:44 | Create | Villager (Male) |
| 7:45 | Create | Villager (Male) |
| 7:59 | Build | Barracks |
| 8:13 | Create | Villager (Male) |
| 8:27 | Create | Villager (Male) |
| 9:00 | Create | Villager (Male) |
| 9:14 | Build | Mill |
| 9:21 | Create | Villager (Male) |
| 9:25 | Create | Militia |
| 10:30 | Create | Militia |
| 10:53 | Build | Farm |
| 12:01 | Create | Villager (Male) |
| 12:08 | Research | Feudal Age |
| 12:18 | Build | Mining Camp |
| 12:29 | Build | Farm |
| 13:15 | Create | Villager (Male) |
| 13:25 | Build | Mining Camp |
| 13:48 | Build | Farm |
| 14:14 | Create | Villager (Male) |
| 14:27 | Build | Lumber Camp |
| 14:36 | Age | Feudal Age |
| 14:38 | Build | Stone Wall |
| 14:40 | Build | Stone Wall |
| 14:48 | Build | Watch Tower |
| 14:58 | Build | Stone Wall |
| 14:59 | Build | Stone Wall |
| 15:34 | Create | Villager (Male) |
| 15:41 | Build | House |
| 16:47 | Create | Villager (Male) |
| 16:53 | Research | Wheelbarrow |
| 16:56 | Create | Villager (Male) |
| 16:59 | Research | Double-Bit Axe |
| 17:18 | Create | Villager (Male) |
| 17:25 | Build | Farm |
| 17:30 | Build | Farm |
| 17:33 | Research | Horse Collar |
| 17:47 | Create | Villager (Male) |
| 18:24 | Create | Villager (Male) |
| 18:31 | Create | Villager (Male) |
| 18:34 | Build | House |
| 18:36 | Build | House |
| 19:08 | Build | Blacksmith |
| 19:15 | Create | Villager (Male) |
| 19:18 | Create | Villager (Male) |
| 19:34 | Build | Market |
| 20:09 | Create | Villager (Male) |
| 20:14 | Build | Mill |
| 20:32 | Create | Villager (Male) |
| 20:43 | Create | Trade Cart |
| 20:58 | Build | Farm |
| 21:01 | Build | Farm |
| 21:19 | Create | Villager (Male) |
| 22:12 | Create | Villager (Male) |
| 22:29 | Create | Villager (Male) |
| 22:36 | Build | House |
| 22:37 | Build | House |
| 22:40 | Create | Trade Cart |
| 22:48 | Build | Farm |
| 23:09 | Build | Archery Range |
| 23:13 | Create | Villager (Male) |
| 23:23 | Research | Castle Age |
| 23:55 | Build | Building 490 |
| 23:59 | Build | Mining Camp |
| 24:05 | Build | Outpost |
| 24:09 | Create | Villager (Male) |
| 24:17 | Research | Gold Mining |
| 24:17 | Research | Stone Mining |
| 24:20 | Research | Forging |
| 24:20 | Research | Scale Mail Armor |
| 24:20 | Research | Scale Barding Armor |
| 24:43 | Build | Building 490 |
| 24:44 | Build | Stone Wall |
| 24:46 | Build | Stone Wall |
| 24:57 | Build | Stable |
| 25:26 | Create | Villager (Male) |
| 25:28 | Research | Scale Mail Armor |
| 25:29 | Research | Scale Barding Armor |
| 25:32 | Build | House |
| 26:18 | Age | Castle Age |
| 26:31 | Build | Monastery |
| 26:36 | Build | Monastery |
| 26:45 | Create | Villager (Male) ×5 |
| 26:50 | Build | Town Center |
| 27:13 | Create | Villager (Male) |
| 27:17 | Research | Hand Cart |
| 27:22 | Create | Monk |
| 27:47 | Build | House |
| 27:55 | Research | Heavy Plow |
| 27:55 | Create | Villager (Male) |
| 28:14 | Build | Siege Workshop |
| 28:22 | Create | Villager (Male) |
| 28:23 | Create | Villager (Male) ×5 |
| 28:28 | Create | Villager (Male) |
| 28:28 | Create | Villager (Male) |
| 28:31 | Create | Trade Cart |
| 28:38 | Create | Villager (Male) |
| 28:41 | Build | Farm |
| 29:37 | Build | Town Center |
| 29:45 | Create | Villager (Male) |
| 29:46 | Create | Villager (Male) |
| 29:46 | Create | Villager (Male) |
| 29:50 | Create | Monk |
| 30:11 | Create | Mangonel |
| 30:24 | Create | Villager (Male) |
| 30:27 | Create | Villager (Male) |
| 30:31 | Build | Farm |
| 30:35 | Build | Farm |
| 30:39 | Build | Farm |
| 30:41 | Build | Farm |
| 30:44 | Build | Farm |
| 30:45 | Create | Villager (Male) |
| 30:45 | Create | Villager (Male) |
| 30:46 | Create | Villager (Male) |
| 30:46 | Create | Villager (Male) |
| 30:48 | Create | Villager (Male) |
| 30:49 | Create | Villager (Male) |
| 31:08 | Build | Castle |
| 31:14 | Create | Villager (Male) |
| 31:18 | Create | Villager (Male) |
| 31:26 | Build | House |
| 31:26 | Build | House |
| 31:27 | Build | House |
| 31:27 | Build | House |
| 31:33 | Create | Villager (Male) |
| 31:51 | Build | Mining Camp |
| 31:55 | Build | Mining Camp |
| 32:08 | Create | Villager (Male) |
Build order — Gonzaa
First 150 of 427 actions detected
| 0:05 | Create | Villager (Male) |
| 0:05 | Create | Villager (Male) |
| 0:06 | Create | Villager (Male) |
| 0:06 | Create | Villager (Male) |
| 0:06 | Create | Villager (Male) |
| 0:11 | Build | House |
| 1:30 | Research | Loom |
| 2:27 | Build | Palisade Wall |
| 2:36 | Build | Building 796 |
| 3:07 | Create | Villager (Male) |
| 3:07 | Create | Villager (Male) |
| 3:07 | Create | Villager (Male) |
| 3:27 | Build | House |
| 3:44 | Build | House |
| 4:00 | Create | Villager (Male) |
| 4:00 | Create | Villager (Male) |
| 4:18 | Create | Villager (Male) |
| 5:11 | Create | Villager (Male) |
| 5:11 | Create | Villager (Male) |
| 5:26 | Create | Villager (Male) |
| 5:43 | Create | Villager (Male) |
| 6:26 | Create | Villager (Male) |
| 6:26 | Create | Villager (Male) |
| 6:26 | Create | Villager (Male) |
| 6:46 | Create | Villager (Male) |
| 7:02 | Create | Villager (Male) |
| 7:02 | Create | Villager (Male) |
| 7:43 | Create | Villager (Male) |
| 7:43 | Create | Villager (Male) |
| 7:43 | Create | Villager (Male) |
| 8:35 | Create | Villager (Male) |
| 8:36 | Create | Villager (Male) |
| 8:36 | Create | Villager (Male) |
| 9:03 | Build | House |
| 9:06 | Build | House |
| 9:43 | Build | House |
| 10:21 | Build | House |
| 10:22 | Build | House |
| 10:24 | Build | House |
| 10:29 | Build | House |
| 10:45 | Create | Villager (Male) |
| 10:46 | Create | Villager (Male) |
| 10:46 | Create | Villager (Male) |
| 10:46 | Create | Villager (Male) |
| 10:59 | Create | Villager (Male) |
| 10:59 | Create | Villager (Male) |
| 10:59 | Create | Villager (Male) |
| 11:12 | Build | Lumber Camp |
| 11:41 | Create | Villager (Male) |
| 11:41 | Create | Villager (Male) |
| 11:41 | Create | Villager (Male) |
| 11:42 | Create | Villager (Male) |
| 13:01 | Build | Mill |
| 14:15 | Create | Villager (Male) |
| 14:16 | Create | Villager (Male) |
| 14:17 | Create | Villager (Male) |
| 14:26 | Build | Farm |
| 14:28 | Build | Farm |
| 14:30 | Build | Farm |
| 14:32 | Build | Farm |
| 14:34 | Build | Farm |
| 14:36 | Build | Farm |
| 14:38 | Build | Farm |
| 14:41 | Build | Farm |
| 14:48 | Build | Farm |
| 14:52 | Build | Farm |
| 14:57 | Build | Farm |
| 16:23 | Research | Feudal Age |
| 17:02 | Build | Mining Camp |
| 17:45 | Build | Barracks |
| 17:48 | Build | Barracks |
| 18:09 | Create | Villager (Male) |
| 18:09 | Create | Villager (Male) |
| 18:09 | Create | Villager (Male) |
| 18:09 | Create | Villager (Male) |
| 18:09 | Create | Villager (Male) |
| 18:12 | Create | Villager (Male) |
| 18:12 | Create | Villager (Male) |
| 18:12 | Create | Villager (Male) |
| 18:33 | Age | Feudal Age |
| 18:35 | Research | Double-Bit Axe |
| 18:37 | Research | Horse Collar |
| 18:39 | Research | Gold Mining |
| 18:40 | Research | Stone Mining |
| 18:44 | Research | Wheelbarrow |
| 18:45 | Research | Town Watch |
| 19:07 | Research | Man-at-Arms (upgrade) |
| 19:09 | Research | Arson |
| 19:29 | Build | Barracks |
| 19:38 | Build | Barracks |
| 19:56 | Build | Market |
| 20:20 | Build | Blacksmith |
| 21:29 | Research | Forging |
| 21:29 | Research | Scale Mail Armor |
| 21:53 | Build | Mining Camp |
| 22:06 | Create | Villager (Male) |
| 22:06 | Create | Villager (Male) |
| 22:06 | Create | Villager (Male) |
| 22:07 | Create | Villager (Male) |
| 23:07 | Build | Farm |
| 23:09 | Build | Farm |
| 23:12 | Build | Farm |
| 23:13 | Build | Farm |
| 23:15 | Build | Farm |
| 23:17 | Build | Farm |
| 23:21 | Build | Farm |
| 23:25 | Build | Farm |
| 23:26 | Build | Farm |
| 23:28 | Build | Farm |
| 23:44 | Create | Villager (Male) |
| 23:44 | Create | Villager (Male) |
| 23:45 | Create | Villager (Male) |
| 23:51 | Research | Castle Age |
| 24:02 | Create | Militia |
| 24:02 | Create | Militia |
| 24:13 | Build | Farm |
| 24:37 | Build | Farm |
| 24:39 | Build | Farm |
| 24:54 | Build | House |
| 24:55 | Build | House |
| 24:59 | Build | House |
| 25:06 | Build | House |
| 25:08 | Build | House |
| 25:11 | Build | House |
| 25:14 | Build | House |
| 25:15 | Build | House |
| 25:25 | Build | Stone Wall |
| 25:29 | Build | Building 490 |
| 25:51 | Build | Farm |
| 25:53 | Build | Farm |
| 25:55 | Build | Farm |
| 26:12 | Create | Militia |
| 26:13 | Create | Militia |
| 26:13 | Create | Militia |
| 26:13 | Create | Militia |
| 26:13 | Create | Militia |
| 26:13 | Create | Militia |
| 26:14 | Create | Militia |
| 26:14 | Create | Militia |
| 26:14 | Create | Militia |
| 26:14 | Create | Militia |
| 26:14 | Create | Militia |
| 26:15 | Create | Militia |
| 26:15 | Create | Militia |
| 26:15 | Create | Militia |
| 26:15 | Create | Militia |
| 26:16 | Create | Militia |
| 26:16 | Create | Militia |
| 26:16 | Create | Militia |
| 26:19 | Create | Militia |
Build order — プッシー・デストロイ
First 150 of 336 actions detected
| 0:03 | Build | House |
| 0:05 | Build | House |
| 0:07 | Create | Villager (Male) |
| 0:07 | Create | Villager (Male) |
| 0:08 | Create | Villager (Male) |
| 0:08 | Create | Villager (Male) |
| 0:09 | Create | Villager (Male) |
| 1:34 | Create | Villager (Male) |
| 1:34 | Create | Villager (Male) |
| 1:59 | Create | Villager (Male) |
| 2:00 | Create | Villager (Male) |
| 2:29 | Create | Villager (Male) |
| 2:56 | Create | Villager (Male) |
| 3:07 | Create | Villager (Male) |
| 3:31 | Build | House |
| 3:43 | Create | Villager (Male) |
| 3:49 | Build | Mill |
| 4:10 | Create | Villager (Male) |
| 4:11 | Create | Villager (Male) |
| 4:38 | Build | House |
| 4:44 | Research | Loom |
| 4:47 | Build | House |
| 5:09 | Create | Villager (Male) |
| 6:01 | Create | Villager (Male) |
| 6:11 | Create | Villager (Male) |
| 6:16 | Create | Villager (Male) |
| 6:16 | Create | Villager (Male) |
| 6:28 | Create | Villager (Male) |
| 6:29 | Create | Villager (Male) |
| 7:01 | Create | Villager (Male) |
| 7:02 | Create | Villager (Male) |
| 7:04 | Create | Villager (Male) |
| 7:04 | Create | Villager (Male) |
| 7:49 | Create | Villager (Male) |
| 7:49 | Create | Villager (Male) |
| 7:54 | Build | Lumber Camp |
| 7:59 | Create | Villager (Male) |
| 8:26 | Create | Villager (Male) |
| 8:33 | Build | House |
| 8:35 | Build | House |
| 8:43 | Create | Villager (Male) |
| 9:13 | Build | Mill |
| 10:08 | Create | Villager (Male) |
| 10:09 | Create | Villager (Male) |
| 10:20 | Build | Mining Camp |
| 11:03 | Research | Feudal Age |
| 11:17 | Build | House |
| 11:33 | Build | Mining Camp |
| 12:50 | Build | Mill |
| 13:22 | Build | Farm |
| 13:23 | Build | Farm |
| 13:23 | Build | Farm |
| 13:28 | Build | Farm |
| 13:28 | Build | Farm |
| 13:28 | Build | Farm |
| 13:29 | Build | Farm |
| 13:30 | Build | Farm |
| 13:36 | Create | Villager (Male) |
| 13:37 | Create | Villager (Male) |
| 13:37 | Create | Villager (Male) |
| 14:26 | Age | Feudal Age |
| 14:28 | Build | Market |
| 14:36 | Build | Blacksmith |
| 14:59 | Create | Villager (Male) |
| 15:45 | Research | Castle Age |
| 16:00 | Build | Stone Wall |
| 16:04 | Build | Stone Wall |
| 16:19 | Research | Double-Bit Axe |
| 16:23 | Research | Horse Collar |
| 17:05 | Create | Villager (Male) |
| 17:05 | Create | Villager (Male) |
| 17:06 | Create | Villager (Male) |
| 18:46 | Age | Castle Age |
| 18:50 | Build | Town Center |
| 19:04 | Build | Town Center |
| 19:14 | Create | Villager (Male) |
| 19:37 | Build | Farm |
| 19:37 | Build | Farm |
| 19:38 | Build | Farm |
| 19:38 | Build | Farm |
| 19:39 | Build | Farm |
| 19:40 | Build | Farm |
| 19:46 | Create | Villager (Male) |
| 20:36 | Create | Villager (Male) |
| 20:38 | Create | Villager (Male) |
| 20:39 | Create | Villager (Male) |
| 20:42 | Create | Villager (Male) |
| 20:51 | Create | Villager (Male) ×5 |
| 20:59 | Build | Farm |
| 20:59 | Build | Farm |
| 20:59 | Build | Farm |
| 21:00 | Build | Farm |
| 21:00 | Build | Farm |
| 21:01 | Build | Farm |
| 21:03 | Build | Farm |
| 21:06 | Create | Villager (Male) |
| 21:19 | Research | Heavy Plow |
| 21:50 | Create | Villager (Male) |
| 21:53 | Create | Villager (Male) |
| 22:02 | Create | Villager (Male) |
| 22:05 | Create | Villager (Male) ×5 |
| 22:18 | Create | Villager (Male) |
| 22:28 | Build | Building 490 |
| 22:33 | Build | Building 490 |
| 22:43 | Build | Building 490 |
| 22:47 | Build | Stone Wall |
| 22:50 | Build | Stone Wall |
| 22:56 | Build | Building 490 |
| 23:00 | Build | Stone Wall |
| 23:02 | Build | Stone Wall |
| 23:06 | Create | Villager (Male) |
| 23:12 | Create | Villager (Male) |
| 23:15 | Build | House |
| 23:16 | Build | House |
| 23:17 | Build | House |
| 23:17 | Build | House |
| 23:18 | Build | House |
| 23:19 | Build | House |
| 23:19 | Build | House |
| 23:20 | Build | House |
| 23:20 | Build | House |
| 23:21 | Build | House |
| 23:21 | Build | House |
| 23:21 | Build | House |
| 23:22 | Build | House |
| 23:22 | Build | House |
| 23:25 | Create | Villager (Male) |
| 23:31 | Research | Bow Saw |
| 23:36 | Create | Villager (Male) |
| 23:45 | Build | Farm |
| 23:45 | Build | Farm |
| 23:52 | Create | Villager (Male) ×5 |
| 23:57 | Create | Villager (Male) |
| 23:59 | Create | Trade Cart |
| 23:59 | Create | Trade Cart |
| 24:06 | Create | Trade Cart |
| 24:45 | Create | Villager (Male) |
| 24:50 | Create | Villager (Male) |
| 24:52 | Research | Wheelbarrow |
| 25:01 | Build | Farm |
| 25:33 | Create | Trade Cart |
| 25:33 | Create | Trade Cart |
| 25:36 | Create | Trade Cart |
| 26:00 | Build | Castle |
| 26:23 | Create | Villager (Male) ×5 |
| 26:28 | Build | Farm |
| 26:29 | Build | Farm |
| 26:29 | Build | Farm |
| 26:29 | Build | Farm |
| 26:29 | Build | Farm |
Build order — shaunyboy92
First 150 of 308 actions detected
| 0:02 | Create | Villager (Male) |
| 0:02 | Research | Loom |
| 0:03 | Create | Villager (Male) |
| 0:03 | Create | Villager (Male) |
| 0:03 | Create | Villager (Male) |
| 0:03 | Create | Villager (Male) |
| 0:05 | Build | House |
| 0:06 | Build | House |
| 1:10 | Build | Palisade Wall |
| 1:49 | Build | House |
| 1:50 | Build | House |
| 2:40 | Build | Palisade Wall |
| 2:57 | Create | Villager (Male) |
| 4:01 | Create | Villager (Male) |
| 4:19 | Create | Villager (Male) |
| 5:25 | Build | Lumber Camp |
| 5:32 | Create | Villager (Male) |
| 6:11 | Create | Villager (Male) |
| 6:11 | Create | Villager (Male) |
| 7:07 | Create | Villager (Male) |
| 7:08 | Create | Villager (Male) |
| 7:08 | Create | Villager (Male) |
| 7:08 | Create | Villager (Male) |
| 7:13 | Build | Mill |
| 7:22 | Create | Villager (Male) |
| 7:55 | Create | Villager (Male) |
| 8:09 | Create | Villager (Male) |
| 8:36 | Build | Mining Camp |
| 8:49 | Create | Villager (Male) |
| 8:49 | Create | Villager (Male) |
| 9:06 | Create | Villager (Male) |
| 9:55 | Create | Villager (Male) |
| 9:56 | Create | Villager (Male) |
| 9:56 | Create | Villager (Male) |
| 11:18 | Create | Villager (Male) |
| 11:35 | Research | Feudal Age |
| 12:00 | Build | Mining Camp |
| 12:09 | Build | House |
| 12:10 | Build | House |
| 13:05 | Build | Mill |
| 13:38 | Build | Lumber Camp |
| 13:49 | Age | Feudal Age |
| 13:53 | Research | Wheelbarrow |
| 13:54 | Create | Villager (Male) |
| 13:54 | Create | Villager (Male) |
| 13:55 | Create | Villager (Male) |
| 13:55 | Create | Villager (Male) |
| 13:55 | Create | Villager (Male) |
| 15:05 | Research | Double-Bit Axe |
| 15:25 | Build | Stone Wall |
| 16:45 | Create | Villager (Male) |
| 16:46 | Create | Villager (Male) |
| 17:54 | Create | Villager (Male) |
| 18:25 | Build | Market |
| 18:45 | Build | Blacksmith |
| 18:57 | Create | Villager (Male) |
| 20:03 | Build | Farm |
| 20:05 | Build | Farm |
| 20:09 | Create | Villager (Male) |
| 20:45 | Build | House |
| 20:46 | Build | House |
| 22:21 | Build | Market |
| 22:30 | Build | Market |
| 23:34 | Research | Castle Age |
| 24:18 | Build | Stone Wall |
| 24:30 | Build | Farm |
| 24:32 | Build | Farm |
| 24:34 | Build | Farm |
| 24:35 | Build | Farm |
| 24:36 | Build | Farm |
| 24:37 | Build | Farm |
| 24:53 | Research | Horse Collar |
| 24:56 | Research | Gold Mining |
| 24:57 | Research | Stone Mining |
| 26:14 | Age | Castle Age |
| 26:27 | Build | Town Center |
| 26:45 | Build | Mining Camp |
| 27:11 | Build | Town Center |
| 27:25 | Build | Town Center |
| 27:34 | Research | Hand Cart |
| 27:37 | Create | Villager (Male) |
| 27:37 | Create | Villager (Male) |
| 27:38 | Create | Villager (Male) |
| 27:38 | Create | Villager (Male) |
| 27:38 | Create | Villager (Male) |
| 27:39 | Create | Villager (Male) |
| 27:39 | Create | Villager (Male) |
| 27:39 | Create | Villager (Male) |
| 27:40 | Create | Villager (Male) |
| 27:40 | Create | Villager (Male) |
| 27:40 | Create | Villager (Male) |
| 27:46 | Create | Villager (Male) |
| 27:46 | Create | Villager (Male) |
| 27:47 | Create | Villager (Male) |
| 27:47 | Create | Villager (Male) |
| 27:47 | Create | Villager (Male) |
| 28:44 | Build | Barracks |
| 28:47 | Build | Barracks |
| 29:09 | Create | Villager (Male) |
| 29:09 | Create | Villager (Male) |
| 29:17 | Build | Farm |
| 29:41 | Create | Trade Cart |
| 29:41 | Create | Trade Cart |
| 29:48 | Build | Farm |
| 30:19 | Create | Villager (Male) |
| 30:20 | Create | Villager (Male) |
| 30:21 | Create | Villager (Male) |
| 30:22 | Create | Villager (Male) |
| 30:25 | Create | Villager (Male) |
| 30:36 | Build | Castle |
| 30:56 | Create | Spearman |
| 30:56 | Create | Spearman |
| 30:56 | Create | Spearman |
| 31:25 | Build | Farm |
| 31:37 | Create | Villager (Male) |
| 31:42 | Build | Farm |
| 31:48 | Build | Farm |
| 31:57 | Build | Mining Camp |
| 32:04 | Create | Villager (Male) |
| 32:05 | Create | Villager (Male) |
| 32:06 | Create | Villager (Male) |
| 32:11 | Build | Farm |
| 32:39 | Build | Barracks |
| 32:44 | Build | Barracks |
| 32:53 | Build | Barracks |
| 32:59 | Build | Castle |
| 33:10 | Create | Villager (Male) |
| 33:10 | Create | Villager (Male) |
| 33:11 | Create | Villager (Male) |
| 33:12 | Create | Villager (Male) |
| 33:13 | Create | Villager (Male) |
| 33:25 | Build | House |
| 33:27 | Build | House |
| 33:29 | Build | House |
| 33:31 | Build | House |
| 33:34 | Build | House |
| 33:36 | Build | House |
| 33:38 | Build | House |
| 34:11 | Build | Farm |
| 34:15 | Build | Farm |
| 34:16 | Create | Villager (Male) |
| 34:16 | Create | Villager (Male) |
| 34:18 | Create | Villager (Male) |
| 34:18 | Create | Villager (Male) |
| 34:19 | Create | Villager (Male) |
| 34:19 | Create | Villager (Male) |
| 34:20 | Create | Villager (Male) |
| 34:21 | Create | Villager (Male) |
| 34:24 | Build | Farm |
| 34:27 | Build | Farm |
Build order — BLaCk_HoLE
First 150 of 301 actions detected
| 0:23 | Build | House |
| 0:26 | Build | House |
| 0:30 | Create | Villager (Male) |
| 0:30 | Create | Villager (Male) |
| 0:31 | Create | Villager (Male) |
| 0:31 | Create | Villager (Male) |
| 1:29 | Build | Palisade Wall |
| 2:27 | Create | Villager (Male) |
| 2:50 | Build | Palisade Wall |
| 3:10 | Build | Palisade Wall |
| 3:24 | Build | Palisade Wall |
| 3:52 | Build | Palisade Wall |
| 5:26 | Create | Villager (Male) |
| 6:29 | Create | Villager (Male) |
| 7:06 | Create | Villager (Male) |
| 7:43 | Create | Villager (Male) |
| 7:44 | Create | Villager (Male) |
| 8:08 | Build | Lumber Camp |
| 8:16 | Create | Villager (Male) |
| 8:17 | Create | Villager (Male) |
| 9:20 | Create | Villager (Male) |
| 9:20 | Create | Villager (Male) |
| 9:21 | Create | Villager (Male) |
| 9:21 | Create | Villager (Male) |
| 9:51 | Build | House |
| 10:31 | Create | Villager (Male) |
| 11:26 | Create | Villager (Male) |
| 11:27 | Create | Villager (Male) |
| 11:27 | Create | Villager (Male) |
| 11:27 | Create | Villager (Male) |
| 11:27 | Create | Villager (Male) |
| 11:28 | Create | Villager (Male) |
| 11:43 | Research | Loom |
| 11:51 | Research | Loom |
| 11:52 | Create | Villager (Male) |
| 11:52 | Create | Villager (Male) |
| 11:52 | Create | Villager (Male) |
| 11:52 | Create | Villager (Male) |
| 12:17 | Build | Mill |
| 13:03 | Create | Villager (Male) |
| 13:04 | Create | Villager (Male) |
| 13:24 | Create | Villager (Male) |
| 14:47 | Build | House |
| 14:53 | Research | Feudal Age |
| 15:58 | Build | Farm |
| 17:03 | Age | Feudal Age |
| 17:46 | Create | Villager (Male) |
| 17:46 | Create | Villager (Male) |
| 17:48 | Create | Villager (Male) |
| 17:48 | Create | Villager (Male) |
| 18:06 | Research | Double-Bit Axe |
| 18:09 | Research | Horse Collar |
| 18:22 | Build | Mining Camp |
| 18:34 | Build | Market |
| 18:47 | Build | Blacksmith |
| 19:05 | Build | Farm |
| 19:07 | Build | Farm |
| 19:08 | Build | Farm |
| 19:22 | Build | Farm |
| 19:28 | Build | Farm |
| 19:30 | Build | Farm |
| 19:33 | Build | Farm |
| 19:52 | Create | Villager (Male) |
| 20:03 | Build | Farm |
| 20:30 | Build | Farm |
| 20:35 | Build | Farm |
| 20:49 | Create | Villager (Male) |
| 20:49 | Create | Villager (Male) |
| 21:30 | Research | Castle Age |
| 21:34 | Build | House |
| 21:37 | Build | House |
| 22:53 | Research | Fletching |
| 22:54 | Research | Padded Archer Armor |
| 23:00 | Research | Gold Mining |
| 23:00 | Research | Stone Mining |
| 23:07 | Build | Mining Camp |
| 23:16 | Build | Mining Camp |
| 23:34 | Research | Wheelbarrow |
| 24:04 | Create | Trade Cart |
| 24:04 | Create | Trade Cart |
| 24:10 | Age | Castle Age |
| 24:16 | Create | Villager (Male) |
| 24:16 | Create | Villager (Male) |
| 24:17 | Create | Villager (Male) |
| 24:17 | Create | Villager (Male) |
| 24:17 | Create | Villager (Male) |
| 24:35 | Build | Town Center |
| 25:05 | Build | Farm |
| 25:09 | Create | Villager (Male) |
| 25:09 | Create | Villager (Male) |
| 25:11 | Create | Villager (Male) |
| 25:32 | Research | Bodkin Arrow |
| 25:44 | Build | Farm |
| 25:50 | Create | Villager (Male) |
| 26:11 | Create | Villager (Male) ×4 |
| 26:11 | Create | Villager (Male) ×4 |
| 26:11 | Create | Villager (Male) ×4 |
| 26:32 | Build | Town Center |
| 26:37 | Create | Villager (Male) |
| 26:49 | Build | Farm |
| 26:55 | Build | Farm |
| 26:56 | Build | Farm |
| 27:12 | Create | Villager (Male) |
| 27:12 | Create | Villager (Male) |
| 27:12 | Create | Villager (Male) |
| 27:25 | Research | Heavy Plow |
| 27:49 | Create | Villager (Male) |
| 27:50 | Create | Villager (Male) |
| 27:58 | Create | Villager (Male) |
| 27:58 | Create | Villager (Male) |
| 27:58 | Create | Villager (Male) |
| 28:02 | Create | Villager (Male) |
| 28:12 | Create | Villager (Male) |
| 28:29 | Create | Villager (Male) |
| 28:30 | Create | Villager (Male) |
| 28:36 | Create | Villager (Male) |
| 28:45 | Create | Villager (Male) |
| 28:56 | Build | House |
| 28:56 | Build | House |
| 28:57 | Build | House |
| 28:57 | Build | House |
| 28:57 | Build | House |
| 28:57 | Build | House |
| 28:58 | Build | House |
| 28:58 | Build | House |
| 28:59 | Build | House |
| 28:59 | Build | House |
| 28:59 | Build | House |
| 28:59 | Build | House |
| 29:26 | Build | House |
| 29:26 | Build | House |
| 29:26 | Build | House |
| 29:27 | Build | House |
| 29:27 | Build | House |
| 29:28 | Build | House |
| 29:28 | Build | House |
| 29:28 | Build | House |
| 29:29 | Build | House |
| 29:34 | Create | Villager (Male) |
| 29:34 | Create | Villager (Male) |
| 29:35 | Create | Villager (Male) |
| 29:40 | Create | Villager (Male) |
| 29:40 | Create | Villager (Male) |
| 29:43 | Create | Villager (Male) |
| 29:43 | Create | Villager (Male) |
| 29:53 | Create | Trade Cart |
| 29:54 | Create | Trade Cart |
| 29:58 | Create | Villager (Male) |
| 30:19 | Create | Villager (Male) |
| 30:19 | Create | Villager (Male) |
Build order — andyf09901066
First 150 of 191 actions detected
| 0:09 | Build | House |
| 0:10 | Build | House |
| 0:13 | Create | Villager (Male) |
| 0:13 | Create | Villager (Male) |
| 0:14 | Create | Villager (Male) |
| 0:14 | Create | Villager (Male) |
| 0:14 | Create | Villager (Male) |
| 3:21 | Create | Villager (Male) |
| 3:21 | Create | Villager (Male) |
| 3:22 | Create | Villager (Male) |
| 3:22 | Create | Villager (Male) |
| 3:22 | Create | Villager (Male) |
| 4:54 | Create | Villager (Male) |
| 4:54 | Create | Villager (Male) |
| 4:55 | Create | Villager (Male) |
| 4:55 | Create | Villager (Male) |
| 5:31 | Build | Barracks |
| 5:44 | Create | Villager (Male) |
| 5:44 | Create | Villager (Male) |
| 5:45 | Create | Villager (Male) |
| 6:20 | Build | Mill |
| 7:17 | Create | Militia |
| 7:29 | Create | Villager (Male) |
| 7:56 | Create | Villager (Male) |
| 8:03 | Build | House |
| 8:06 | Build | House |
| 8:16 | Create | Militia |
| 8:34 | Research | Loom |
| 8:36 | Create | Villager (Male) |
| 8:36 | Create | Villager (Male) |
| 8:36 | Create | Villager (Male) |
| 9:09 | Build | House |
| 9:10 | Build | House |
| 9:14 | Build | House |
| 9:18 | Build | House |
| 10:03 | Build | Mining Camp |
| 10:10 | Create | Villager (Male) |
| 10:10 | Create | Villager (Male) |
| 10:10 | Create | Villager (Male) |
| 10:11 | Create | Villager (Male) |
| 10:27 | Create | Villager (Male) |
| 10:28 | Create | Villager (Male) |
| 11:22 | Create | Villager (Male) |
| 11:22 | Create | Villager (Male) |
| 11:23 | Create | Villager (Male) |
| 11:23 | Create | Villager (Male) |
| 11:29 | Create | Militia |
| 11:57 | Create | Militia |
| 11:58 | Create | Militia |
| 13:18 | Create | Villager (Male) |
| 13:18 | Create | Villager (Male) |
| 13:18 | Create | Villager (Male) |
| 13:39 | Create | Militia |
| 13:40 | Create | Militia |
| 13:43 | Create | Militia |
| 13:44 | Create | Militia |
| 13:56 | Create | Militia |
| 14:20 | Create | Villager (Male) |
| 14:21 | Create | Villager (Male) |
| 14:21 | Create | Villager (Male) |
| 14:21 | Create | Villager (Male) |
| 15:33 | Build | Farm |
| 15:35 | Build | Farm |
| 15:38 | Build | Farm |
| 17:20 | Build | House |
| 17:22 | Build | House |
| 18:07 | Build | Lumber Camp |
| 18:27 | Build | House |
| 18:54 | Research | Feudal Age |
| 19:25 | Build | House |
| 19:28 | Build | House |
| 20:28 | Build | House |
| 20:31 | Build | House |
| 20:34 | Build | House |
| 20:36 | Build | House |
| 20:41 | Build | House |
| 20:43 | Build | House |
| 20:46 | Build | House |
| 21:05 | Create | Villager (Male) |
| 21:05 | Create | Villager (Male) |
| 21:06 | Create | Villager (Male) |
| 21:06 | Age | Feudal Age |
| 21:07 | Create | Villager (Male) |
| 21:07 | Create | Villager (Male) |
| 22:22 | Build | Market |
| 22:29 | Build | Blacksmith |
| 22:49 | Research | Double-Bit Axe |
| 22:52 | Research | Horse Collar |
| 23:12 | Build | Palisade Wall |
| 23:18 | Build | Building 796 |
| 23:39 | Create | Villager (Male) |
| 23:44 | Create | Villager (Male) |
| 23:46 | Create | Villager (Male) |
| 24:36 | Build | Farm |
| 24:38 | Build | Farm |
| 24:39 | Build | Farm |
| 24:42 | Build | Farm |
| 24:44 | Build | Farm |
| 24:46 | Build | Farm |
| 24:47 | Build | Farm |
| 24:49 | Build | Farm |
| 24:51 | Build | Farm |
| 24:52 | Build | Farm |
| 24:56 | Build | Farm |
| 25:00 | Build | Farm |
| 25:02 | Build | Farm |
| 25:03 | Build | Farm |
| 25:06 | Build | Farm |
| 25:08 | Build | Farm |
| 25:10 | Build | Farm |
| 25:12 | Build | Farm |
| 25:14 | Build | Farm |
| 25:16 | Build | Farm |
| 25:18 | Build | Farm |
| 25:57 | Build | Farm |
| 26:17 | Build | Watch Tower |
| 27:02 | Build | Mining Camp |
| 27:39 | Build | Farm |
| 27:51 | Build | Farm |
| 28:13 | Build | Palisade Wall |
| 28:17 | Build | Palisade Gate |
| 28:32 | Build | Mining Camp |
| 28:34 | Research | Castle Age |
| 29:02 | Research | Man-at-Arms (upgrade) |
| 30:46 | Build | Mill |
| 31:07 | Create | Villager (Male) |
| 31:08 | Create | Villager (Male) |
| 31:09 | Create | Villager (Male) |
| 31:09 | Create | Villager (Male) |
| 31:10 | Create | Villager (Male) |
| 31:10 | Create | Villager (Male) |
| 31:14 | Age | Castle Age |
| 31:16 | Research | Gold Mining |
| 31:26 | Research | Bow Saw |
| 31:32 | Research | Heavy Plow |
| 31:47 | Research | Gold Shaft Mining |
| 32:34 | Create | Villager (Male) |
| 32:37 | Create | Villager (Male) |
| 32:39 | Create | Villager (Male) |
| 32:39 | Create | Villager (Male) |
| 32:39 | Create | Villager (Male) |
| 32:40 | Create | Villager (Male) |
| 32:49 | Build | Farm |
| 33:35 | Build | University |
| 35:09 | Build | Monastery |
| 35:55 | Create | Villager (Male) |
| 36:57 | Research | Imperial Age |
| 37:41 | Build | Siege Workshop |
| 37:50 | Build | Siege Workshop |
| 37:56 | Build | Siege Workshop |
Match timeline
| 1:10 | shaunyboy92 · wall_segment Palisade Wall x11 |
| 1:29 | BLaCk_HoLE · wall_segment Palisade Wall x11 |
| 1:35 | Twixxo · wall_segment Palisade Wall x4 |
| 2:01 | Twixxo · wall_segment Palisade Wall x8 |
| 2:27 | Gonzaa · wall_segment Palisade Wall x15 |
| 2:40 | shaunyboy92 · wall_segment Palisade Wall x11 |
| 2:44 | Twixxo · wall_segment Palisade Wall x4 |
| 2:50 | BLaCk_HoLE · wall_segment Palisade Wall x5 |
| 3:10 | BLaCk_HoLE · wall_segment Palisade Wall x4 |
| 3:24 | BLaCk_HoLE · wall_segment Palisade Wall x4 |
| 3:49 | Twixxo · wall_segment Palisade Wall x5 |
| 3:52 | BLaCk_HoLE · wall_segment Palisade Wall x12 |
| 5:31 | andyf09901066 · first_building Barracks |
| 7:59 | Twixxo · first_building Barracks |
| 13:49 | shaunyboy92 · age_up feudal |
| 14:26 | プッシー・デストロイ · age_up feudal |
| 14:36 | Twixxo · age_up feudal |
| 14:38 | Twixxo · wall_segment Stone Wall x8 |
| 14:40 | Twixxo · wall_segment Stone Wall x8 |
| 14:58 | Twixxo · wall_segment Stone Wall x1 |
| 14:59 | Twixxo · wall_segment Stone Wall x4 |
| 15:25 | shaunyboy92 · wall_segment Stone Wall x11 |
| 16:00 | プッシー・デストロイ · wall_segment Stone Wall x11 |
| 16:04 | プッシー・デストロイ · wall_segment Stone Wall x12 |
| 17:03 | BLaCk_HoLE · age_up feudal |
| 17:45 | Gonzaa · first_building Barracks |
| 18:33 | Gonzaa · age_up feudal |
| 18:46 | プッシー・デストロイ · age_up castle |
| 21:06 | andyf09901066 · age_up feudal |
| 21:26 | BLaCk_HoLE · first_market_sell 100 food |
| 22:47 | プッシー・デストロイ · wall_segment Stone Wall x4 |
| 22:50 | プッシー・デストロイ · wall_segment Stone Wall x10 |
| 23:00 | プッシー・デストロイ · wall_segment Stone Wall x4 |
| 23:02 | プッシー・デストロイ · wall_segment Stone Wall x7 |
| 23:09 | Twixxo · first_building Archery Range |
| 23:12 | andyf09901066 · wall_segment Palisade Wall x5 |
| 24:10 | BLaCk_HoLE · age_up castle |
| 24:18 | shaunyboy92 · wall_segment Stone Wall x12 |
| 24:44 | Twixxo · wall_segment Stone Wall x9 |
| 24:46 | Twixxo · wall_segment Stone Wall x3 |
| 24:57 | Twixxo · first_building Stable |
| 25:25 | Gonzaa · wall_segment Stone Wall x12 |
| 26:00 | プッシー・デストロイ · first_building Castle |
| 26:14 | shaunyboy92 · age_up castle |
| 26:18 | Twixxo · age_up castle |
| 26:31 | Twixxo · first_building Monastery |
| 28:13 | andyf09901066 · wall_segment Palisade Wall x12 |
| 28:14 | Twixxo · first_building Siege Workshop |
| 28:44 | shaunyboy92 · first_building Barracks |
| 29:09 | Gonzaa · age_up castle |
| 30:11 | プッシー・デストロイ · first_building Barracks |
| 30:17 | プッシー・デストロイ · first_building Siege Workshop |
| 30:17 | shaunyboy92 · first_market_buy 100 food |
| 30:36 | shaunyboy92 · first_building Castle |
| 30:58 | Twixxo · first_market_buy 100 stone |
| 31:08 | Twixxo · first_building Castle |
| 31:14 | andyf09901066 · age_up castle |
| 31:29 | BLaCk_HoLE · first_building Monastery |
| 32:58 | Gonzaa · first_building Monastery |
| 33:39 | BLaCk_HoLE · first_building Castle |
| 33:50 | BLaCk_HoLE · first_building Barracks |
| 34:34 | プッシー・デストロイ · age_up imperial |
| 34:43 | Twixxo · first_market_sell 100 wood |
| 35:03 | Twixxo · wall_segment Stone Wall x10 |
| 35:09 | andyf09901066 · first_building Monastery |
| 35:12 | Twixxo · wall_segment Stone Wall x8 |
| 35:23 | shaunyboy92 · first_building Monastery |
| 36:27 | BLaCk_HoLE · first_building Archery Range |
| 37:24 | Twixxo · wall_segment Stone Wall x7 |
| 37:38 | BLaCk_HoLE · first_market_buy 100 food |
| 37:41 | andyf09901066 · first_building Siege Workshop |
| 37:57 | Twixxo · age_up imperial |
| 39:25 | andyf09901066 · first_building Archery Range |
| 40:07 | andyf09901066 · age_up imperial |
| 40:32 | プッシー・デストロイ · first_market_sell 100 stone |
| 40:38 | プッシー・デストロイ · first_market_buy 100 wood |
| 41:06 | BLaCk_HoLE · age_up imperial |
| 41:18 | Gonzaa · first_building Castle |
| 41:32 | Gonzaa · age_up imperial |
| 42:11 | shaunyboy92 · age_up imperial |
| 43:03 | Twixxo · wall_segment Stone Wall x3 |
| 43:05 | Twixxo · wall_segment Stone Wall x1 |
| 43:08 | Twixxo · wall_segment Stone Wall x1 |
| 43:13 | Twixxo · wall_segment Stone Wall x3 |
| 43:15 | Twixxo · wall_segment Stone Wall x1 |
| 44:05 | Gonzaa · first_building Siege Workshop |
| 44:18 | Twixxo · wall_segment Stone Wall x4 |
| 45:01 | Twixxo · wall_segment Stone Wall x5 |
| 47:18 | Twixxo · wall_segment Stone Wall x10 |
| 47:22 | Twixxo · wall_segment Stone Wall x3 |
| 47:35 | shaunyboy92 · wall_segment Stone Wall x9 |
| 48:10 | Twixxo · wall_segment Stone Wall x5 |
| 48:12 | shaunyboy92 · resign |
| 48:15 | Twixxo · wall_segment Stone Wall x3 |
[ AI ANALYSIS · 1 CREDIT ]
What really happened in this match?
Wolo.gg analyzes every decision: build order, eco, micro, common mistakes by bracket. Personalized analysis on WhatsApp or Discord in 30 seconds.
Civ guide
Teutons
Map guide
Black Forest
Perfil
Twixxo